 Dungeon Crawl Stone Soup version 0.30.0-5-g1a98f26d00 (webtiles) character file.

Game seed: 6141743990559927159

2662 SnakkuSnakku7 the Fighter (level 9, -5/100 HPs)
             Began as an Armataur Warper on May 8, 2023.
             Was an Initiate of the Shining One.
             Slain by a hornet (9 damage)
             ... on level 7 of the Dungeon.
             The game lasted 00:08:27 (6476 turns).

SnakkuSnakku7 the Fighter (Armataur Warper)         Turns: 6476, Time: 00:08:28

Health: -5/100     AC:  5    Str: 21    XL:     9   Next: 36%
Magic:  11/11      EV: 14    Int: 14    God:    the Shining One [......]
Gold:   200        SH:  0    Dex:  9    Spells: 11/11 levels left

rFire   . . .        F - +0 battleaxe
rCold   . . .        (shield currently unavailable)
rNeg    . . .        b - +0 leather armour
rPois   .            (no helmet)
rElec   .            y - +0 cloak
rCorr   .            (no gloves)
SInv    +            (no barding)
Will    .....        (no amulet)
Stlth   +            h - ring of see invisible
HPRegen 0.36/turn    g - +5 ring of evasion
MPRegen 0.12/turn

%: roll
@: mighty, lethally poisoned (-5 -> -12), hasted and slowed, glowing
A: large, rugged brown scales 3, deformed body, armoured tail, roll, long
tongue, awkward tongue
a: Renounce Religion


You were on level 7 of the Dungeon.
You worshipped the Shining One.
The Shining One was noncommittal.
You visited 2 branches of the dungeon, and saw 8 of its levels.
You also visited: Sewer.

You collected 200 gold pieces.

Inventory:

Hand Weapons
 a - a +0 war axe
 x - a +0 hand axe
 F - a +0 battleaxe (weapon)
Missiles
 d - 7 boomerangs of dispersal (quivered)
 q - 5 boomerangs
Armour
 b - a +0 leather armour (worn)
 y - a +0 cloak (worn)
Jewellery
 c - a ring of protection from cold
 g - a +5 ring of evasion (right hand)
 h - a ring of see invisible (left hand)
 n - a ring of poison resistance
 I - a ring of protection from cold
Wands
 p - a wand of iceblast (8)
Scrolls
 f - 2 scrolls of silence {unknown}
 j - 2 scrolls of torment {unknown}
 k - a scroll of brand weapon {unknown}
 l - 4 scrolls of magic mapping {unknown}
 m - 3 scrolls of noise {unknown}
 o - a scroll of vulnerability {unknown}
 s - 2 scrolls of summoning {unknown}
 u - 2 scrolls of fog {unknown}
 w - a scroll of immolation {unknown}
 z - 3 scrolls of teleportation {unknown}
 A - a scroll of fear {unknown}
 B - a scroll of enchant weapon {unknown}
 D - a scroll of enchant armour {unknown}
Potions
 e - 2 potions of might
 r - a potion of haste
 t - a potion of flight
 v - 2 potions of mutation
 C - a potion of resistance {unknown}
 E - a potion of lignification {unknown}
 H - a potion of brilliance {unknown}
 J - a potion of attraction {unknown}


   Skills:
 - Level 13.8 Fighting
 + Level 6.5 Axes
 - Level 0.8 Throwing
 - Level 1.2 Armour
 - Level 1.3 Dodging
 - Level 1.7 Spellcasting
 - Level 3.0 Translocations


You had 11 spell levels left.
You didn't know any spells.
Your spell library contained the following spells:

 Spells                   Type           Power      Damage    Failure   Level
 Blink                    Tloc           18%        N/A       12%         2
 Lesser Beckoning         Tloc           18%        N/A       12%         2
 Gell's Gravitas          Tloc           9%         N/A       24%         3
 Teleport Other           Tloc           9%         N/A       24%         3
 Magic Dart               Conj           4%         1d3       28%         1
 Sandblast                Erth           2%         2d4       28%         1
 Slow                     Hex            4%         N/A       28%         1
 Cigotuvi's Dreadful Rot  Necr/Pois/Air  2%         N/A       38%         2
 Passwall                 Tmut/Erth      0%         N/A       38%         2
 Searing Ray              Conj           2%         2d4       38%         2
 Vhi's Electric Charge    Tloc/Air       10%        N/A       41%         3
 Confusing Touch          Hex            1%         N/A       63%         3
 Dazzling Flash           Conj/Hex       2%         N/A       63%         3
 Stone Arrow              Conj/Erth      2%         3d7       63%         3
 Vampiric Draining        Necr           1%         2d6       63%         3
 Manifold Assault         Tloc           9%         N/A       63%         4
 Dispel Undead            Necr           1%         3d6       95%         4
 Fulminant Prism          Conj/Hex       0%         3d5       95%         4
 Agony                    Necr           1%         N/A       100%        5
 Silence                  Hex/Air        0%         N/A       100%        5
 Death Channel            Necr           0%         N/A       100%        6


Dungeon Overview and Level Annotations

Branches:
Dungeon (7/15)             Temple (1/1) D:5           Sewer (visited)

Altars:
Ashenzari
Cheibriados
Dithmenos
Fedhas
Gozag
Hepliaklqana
Makhleb
Nemelex Xobeh
Qazlal
Ru
Sif Muna
Vehumet
Wu Jian
Zin
The Shining One

Shops:
D:4 *   D:5 *

Annotations:
D:3 2 transporters, LaggoTC's ghost, amateur AtFi


Innate Abilities, Weirdness & Mutations

You are completely covered in rugged brown scales. (AC +3, +7% HP)
Armour fits poorly on your strangely shaped body.
You have a long armoured tail.
You roll when moving toward enemies. (Rampage)
Your long tongue fully drains potion bottles. (2x potion effects)
Your tongue gives you trouble enunciating. (1.5x scroll delay)


Message History

* * * LOW HITPOINT WARNING * * *
You are more poisoned.
You feel as though you will be slow longer.
You can move again.
You feel better.
You slurp down every last drop of the potion of curing!
The hornet barely misses you. The hornet misses you.
Okay, then.
Blink to where?
Press: ? - help, Dir - move target As you slowly read the scroll of blinking, it crumbles to dust.
Aiming: Iceblast
Press: ? - help, Shift-Dir - straight line The mass of ice explodes!
The iceblast engulfs the hornet!
The hornet is heavily wounded.
Unknown command.
Aiming: Iceblast
Press: ? - help, Shift-Dir - straight line The mass of ice explodes!
The iceblast engulfs the hornet!
The hornet is severely wounded.
Unknown command.
Aiming: Iceblast
Press: ? - help, Shift-Dir - straight line The mass of ice explodes!
The iceblast engulfs the hornet.
The hornet is severely wounded.
Unknown command.
Okay, then.
You completely miss the hornet.
Your tail-slap misses the hornet.
The hornet is severely wounded.
The hornet stings you!
* * * LOW HITPOINT WARNING * * *
You are lethally poisoned!
You feel as though you will be slow longer.
The hornet misses you.
You barely miss the hornet.
The hornet is severely wounded.
* * * LOW HITPOINT WARNING * * *
You feel very sick. The hornet stings you!
You die...

### #<#
#.# #.#
#.# #.#
#.# #@#
#y# #.#
#(# #.#
#.# #.#
#.#
........#


You could see a hornet.

Vanquished Creatures
  A hornet (D:6)
  Eustachio (D:5)
  A sky beast (D:5)
  A black bear (D:6)
  An ice beast (D:5)
  3 ogres (D:5)
  2 centaurs
  3 phantoms (D:5)
  A scorpion (D:6)
  A howler monkey (D:4)
  6 hounds
  2 orc priests
  7 iguanas
  An iron imp (D:4)
  A sleepcap (D:4)
  An orc wizard (D:6)
  3 gnolls
  16 adders
  2 river rats (Sewer)
  A shadow imp (D:6)
  2 white imps
  6 worms
  A dart slug (D:2)
  22 orcs
  10 bats
  7 endoplasms
  6 giant cockroaches
  5 hobgoblins
  4 jackals (D:4)
  4 kobolds
  5 quokkas
  14 ball pythons
  2 frilled lizards
  4 goblins
  9 rats
156 creatures vanquished.

Notes
Turn   | Place    | Note
-------+----------+-------------------------------------------
     0 | D:1      | SnakkuSnakku7 the Armataur Warper began the quest for the
                  | Orb.
     0 | D:1      | Reached XP level 1. HP: 18/18 MP: 3/3
   131 | D:1      | Reached skill level 2 in Fighting
   176 | D:1      | Reached XP level 2. HP: 23/25 MP: 4/4
   941 | D:2      | Reached XP level 3. HP: 16/32 MP: 5/5
  1377 | D:2      | Reached skill level 3 in Fighting
  1634 | D:2      | Reached XP level 4. HP: 34/40 MP: 6/6
  1828 | D:3      | Found a faded altar of an unknown god.
  1856 | D:3      | Found a transporter.
  1944 | D:3      | Found a glowing drain.
  1979 | Sewer    | Entered a sewer
  2068 | Sewer    | Reached XP level 5. HP: 16/48 MP: 7/7
  2478 | Sewer    | Reached skill level 13 in Fighting
  2478 | Sewer    | Reached XP level 6. HP: 78/78 MP: 8/8
  2478 | Sewer    | Reached XP level 7. HP: 85/85 MP: 9/9
  2501 | D:3      | Found a transporter.
  2501 | D:3      | Noticed LaggoTC's ghost (amateur AtFi)
  2589 | D:3      | Found a hazy altar of Hepliaklqana.
  3183 | D:4      | Found Zarya's Overcharged Wands.
  3234 | D:4      | Found a snail-covered altar of Cheibriados.
  3850 | D:4      | Found an opulent altar of Gozag.
  3851 | D:4      | Found a sacrificial altar of Ru.
  3852 | D:4      | Found a shimmering blue altar of Sif Muna.
  3852 | D:4      | Found a sparkling altar of Nemelex Xobeh.
  4295 | D:5      | Entered Level 5 of the Dungeon
  4295 | D:5      | Found a blossoming altar of Fedhas.
  4304 | D:5      | Reached XP level 8. HP: 80/94 MP: 10/10
  4333 | D:5      | Noticed Eustachio
  4589 | D:5      | Killed Eustachio
  4788 | D:5      | Reached skill level 5 in Axes
  4886 | D:5      | Found Ugoer's Fire Supplies.
  5323 | D:5      | Found a staircase to the Ecumenical Temple.
  5356 | Temple   | Entered the Ecumenical Temple
  5375 | Temple   | Became a worshipper of the Shining One
  5581 | D:5      | Reached XP level 9. HP: 77/100 MP: 11/11
  6009 | D:6      | Paralysed by a hornet for 2 turns
  6282 | D:6      | Identified the +7 flail of Purpose {flame, *Rage +Blink
                  | Str+5 Dex-3}
  6468 | D:7      | Paralysed by a hornet for 2 turns
  6476 | D:7      | HP: 4/100 [poisoned by a hornet]
  6476 | D:7      | Slain by a hornet

Illustrated notes

Levels and vault maps discovered:
D:1:      nzn_arrival_settlement, layout_loops_ring,
          chequers_hall_statues_wall_a
D:2:      layout_basic
D:3:      minmay_bubble_buster, layout_basic, overflow_temple_1_default,
          dreamdust_ecumenical_altar_statues, cheibrodos_sewer_entry_drain,
          gammafunk_ghost_arena, minmay_statues_item
D:4:      layout_basic, mainiacjoe_overflow_alcove_3, slow_altar_2,
          nicolae_shop_overcharged_wands
D:5:      minmay_razor_zed, layout_basic, fedhas_altar_1,
          minmay_temple_entry_wispy, minmay_misc_feat_cross,
          nicolae_shop_fire_sale [nicolae_sub_dead_trees], uniq_eustachio
D:6:      layout_cave_pools
D:7:      layout_basic, serial_co_window_serial, co_window_paths_a,
          co_window_paths_a, co_window_paths_b, co_window_paths_a,
          co_window_paths_a, co_window_paths_a, co_window_paths_c,
          co_window_broadway_a, co_window_broadway_a, co_window_cross_4,
          co_window_paths_d, glass_columns_a, corexii_checkpoint_a,
          dreamdust_gnoll_farm
Temple:   nicolae_temple_great_sept

Skill      XL: |  1  2  3  4  5  6  7  8  9 |
---------------+----------------------------+-----
Fighting       | 2 3 13 | 13.8
Axes           | 2 3 4 5 6 |  6.5
Throwing       | |  0.8
Armour         | |  1.2
Dodging        | |  1.3
Spellcasting   | |  1.7
Translocations | |  3.0

Action                     |  1- 3 |  4- 6 |  7- 9 || total
---------------------------+-------+-------+-------++-------
  Melee: Hand axe          |   141 |   116 |    17 ||   274
         Tailslap          |     9 |    17 |    35 ||    61
         Punch             |     2 |     1 |     1 ||     4
         War axe           |       |       |   176 ||   176
         Battleaxe         |       |       |    95 ||    95
  Evoke: Wand              |       |       |     6 ||     6
    Use: Scroll            |       |     4 |     3 ||     7
         Potion            |       |     3 |    10 ||    13
 Armour: Leather armour    |    63 |    42 |   134 ||   239
  Dodge: Dodged            |    84 |    50 |   236 ||   370
